 Dungeon Crawl Stone Soup version 0.17.0-24-gcfadda4 (webtiles) character file.

8193 TruthSerum the Grappler (level 11, 0/107 HPs)
             Began as a Troll Monk on Nov 15, 2015.
             Was a High Priest of Okawaru.
             Slain by a blink frog (19 damage)
             ... on level 1 of the Lair of Beasts on Nov 16, 2015.
             The game lasted 00:42:53 (8694 turns).

TruthSerum the Grappler (Troll Monk)                Turns: 8694, Time: 00:42:53

Health: 0/107      AC:  8    Str: 21    XL:     11   Next: 6%
Magic:  14/14      EV: 11    Int:  6    God:    Okawaru [*****.]
Gold:   198        SH: 15    Dex: 15    Spells: 0 memorised, 10 levels left

rFire  . . .     SeeInvis .       - Unarmed
rCold  + + .     Clarity  +     J - +2 robe of the Raven {rElec rC+ rN+}
rNeg   + . .     SustAt   .     p - +0 large shield
rPois  +         Gourm    +     (helmet restricted)
rElec  +         Spirit   .     t - +0 cloak
rCorr  .         Warding  .     (gloves unavailable)
rMut   .         Stasis   .     (boots unavailable)
MR     .....                    (no amulet)
Stlth  ++........               z - ring of poison resistance
                                u - ring of protection from cold

@: lethally poisoned (0 -> 0), not resistant to hostile enchantments, unstealthy
A: unfitting armour, claws 3, clarity, fast metabolism 3, gourmand, mutation
resistance 1, regeneration 2, shaggy fur 1, tough skin 2
a: Heroism, Finesse, Renounce Religion


You were on level 1 of the Lair of Beasts.
You worshipped Okawaru.
Okawaru was extremely pleased with you.
You were very full.

You visited 3 branches of the dungeon, and saw 12 of its levels.
You also visited: Ossuary.

You collected 548 gold pieces.
You spent 350 gold pieces at shops.

Inventory:

Hand Weapons
 e - a +4 giant spiked club
Armour
 p - a +0 large shield (worn)
 t - a +0 cloak (worn)
 J - the +2 robe of the Raven (worn) {rElec rC+ rN+}
   (You found it on level 10 of the Dungeon)

   It protects you from cold.
   It insulates you from electricity.
   It protects you from negative energy.
Rods
 I - a +0 rod of shadows (9/9)
   (You found it on level 9 of the Dungeon)
Jewellery
 a - an uncursed ring of protection from cold
 u - a ring of protection from cold (left claw)
 z - a ring of poison resistance (right claw)
Wands
 c - a wand of slowing (48)
 y - a wand of cold (12)
 B - a wand of cold (9)
 F - a wand of polymorph (2)
 H - a wand of teleportation (1)
Scrolls
 d - 9 scrolls of identify
 g - a scroll of recharging
 m - a scroll of teleportation
 n - 10 scrolls of remove curse
 D - a scroll of fear
 K - a scroll of blinking
Potions
 f - 4 potions of heal wounds
 h - 2 potions of cancellation
 j - 3 potions of haste
 q - a potion of invisibility
 r - 4 potions of curing
 s - 2 potions of flight
 v - 2 potions of agility
 w - a potion of brilliance
 A - a potion of berserk rage
 C - a potion of ambrosia
 G - a potion of might {unknown}
Comestibles
 b - 9 bread rations
 i - 10 slices of pizza
 k - a royal jelly
 l - 10 fruits
 o - 8 meat rations
 x - 8 chunks of flesh
 E - 2 beef jerkies


   Skills:
 + Level 6.7 Fighting
 - Level 2.7 Armour
 + Level 7.0 Dodging
 - Level 1.1 Stealth
 + Level 6.1 Shields
 + Level 8.8 Unarmed Combat
 + Level 6.4 Invocations


You had 10 spell levels left.
You didn't know any spells.

Dungeon Overview and Level Annotations

Branches:
Dungeon (10/15)            Temple (1/1) D:4            Lair (1/8) D:10
    Orc: D:9-12

Altars:
Ashenzari
Cheibriados
Dithmenos
Elyvilon
Fedhas
Gozag
Kikubaaqudgha
Makhleb
Nemelex Xobeh
Okawaru
Qazlal
Ru
Sif Muna
Trog
Vehumet
Xom
Yredelemnul
Zin
The Shining One

Shops:
D:6 [!(=[


Innate Abilities, Weirdness & Mutations

You are too large for most types of armour.
You have claws for hands.
Your metabolism is lightning-fast.
You like to eat raw meat.
You heal very quickly.
You are covered in fur (AC +1).
You have very tough skin (AC +2).
You possess an exceptional clarity of mind.
You are somewhat resistant to further mutation.


Message History

You miss the blink frog.
You feel sick. You block the blink frog's attack.
You claw the blink frog!
The blink frog is moderately wounded.
The blink frog hits you!
* * * LOW HITPOINT WARNING * * *
The blink frog blinks!
You claw the blink frog!
The blink frog is severely wounded.
You block the blink frog's attack. The blink frog hits you.
* * * LOW HITPOINT WARNING * * *
You closely miss the blink frog.
The blink frog is severely wounded.
You feel sick. You block the blink frog's attack. The blink frog hits you!
* * * LOW HITPOINT WARNING * * *
You mangle the blink frog!!
You kill the blink frog!
Okawaru accepts your kill.
Your Dodging skill increases to level 7!
The blink frog barely misses you. The blink frog hits you!!
You die...

##.# #..#
##.# #.# #.#
# . #.# .#
.P. ##.#
#.#....
#.F##.......
##.@F.......
#####.#....
# .


You could see 2 blink frogs.

Vanquished Creatures
  Pikel (D:6)
  Psyche (D:9)
  A black mamba (Lair:1)
  A troll (D:10)
  Grinder (D:4)
  Prince Ribbit (D:6)
  3 blink frogs (Lair:1)
  5 yaks
  A hog (D:8)
  A human (D:8)
  2 hungry ghosts
  3 phantoms
  An ice beast (D:6)
  2 sky beasts
  6 ogres
  2 orc warriors
  An elf zombie (Ossuary)
  3 centaurs
  A crocodile (Lair:1)
  5 giant frogs
  10 big kobolds (D:8)
  10 killer bees
  5 scorpions
  The ghost of gw the Bolt Thrower, a weakling TeHu (D:3)
  2 electric eels (D:6)
  A giant frog zombie (D:5)
  2 jellies
  An orc priest (D:4)
  A crimson imp (D:9)
  A gnoll shaman (D:6)
  4 worker ants
  Crazy Yiuf (D:2)
  4 human zombies (Ossuary)
  5 iguanas
  3 giant frog skeletons
  4 hounds
  An orc wizard (D:10)
  Terence (D:2)
  2 big kobold zombies (Ossuary)
  2 sheep (D:8)
  A hound zombie (Ossuary)
  4 mummies
  8 adders
  9 gnolls
  3 shadow imps
  An ooze (D:1)
  5 adder zombies
  An adder skeleton (D:4)
  A worm (D:6)
  8 giant geckos
  22 orcs
  3 ball pythons
  A gnoll zombie (Ossuary)
  15 goblins
  11 hobgoblins
  13 jackals
  10 kobolds
  2 quokkas
  6 bats
  4 giant cockroaches
  A giant gecko skeleton (D:5)
  3 giant newts
  8 goblin zombies (Ossuary)
  2 hobgoblin zombies (Ossuary)
  3 jackal zombies (Ossuary)
  5 kobold zombies (Ossuary)
  An orc zombie (Ossuary)
  A quokka skeleton (D:9)
  2 quokka zombies (Ossuary)
  8 rats
  3 rat zombies (Ossuary)
268 creatures vanquished.

Vanquished Creatures (others)
  A plant (Lair:1)
1 creature vanquished.

Grand Total: 269 creatures vanquished

Notes
Turn   | Place    | Note
--------------------------------------------------------------
     0 | D:1      | TruthSerum the Troll Monk began the quest for the Orb.
     0 | D:1      | Reached XP level 1. HP: 22/22 MP: 0/0
   250 | D:1      | Reached XP level 2. HP: 29/29 MP: 1/1
   938 | D:1      | Reached XP level 3. HP: 33/36 MP: 2/2
  1176 | D:2      | Reached skill level 1 in Armour
  1373 | D:2      | Noticed Crazy Yiuf
  1379 | D:2      | Killed Crazy Yiuf
  1379 | D:2      | Reached XP level 4. HP: 35/44 MP: 3/3
  1834 | D:2      | Noticed Terence
  1841 | D:2      | Killed Terence
  1841 | D:2      | Reached skill level 1 in Shields
  2105 | D:3      | Found a deep blue altar of Sif Muna.
  2105 | D:3      | Found a blossoming altar of Fedhas.
  2174 | D:3      | Noticed gw's ghost (weakling TeHu)
  2186 | D:3      | Killed gw's ghost
  2186 | D:3      | Reached XP level 5. HP: 21/53 MP: 4/4
  2245 | D:3      | Found an opulent altar of Gozag.
  2666 | D:3      | Noticed an ogre
  2689 | D:3      | Killed an ogre
  2764 | D:4      | Noticed Grinder
  2778 | D:4      | Reached XP level 6. HP: 51/61 MP: 5/5
  2790 | D:4      | Killed Grinder
  2790 | D:4      | Reached skill level 5 in Unarmed Combat
  2884 | D:4      | Reached XP level 7. HP: 67/67 MP: 6/6
  3139 | D:4      | Noticed a phantom
  3184 | D:4      | Killed a phantom
  3195 | D:4      | Found a staircase to the Ecumenical Temple.
  3200 | Temple   | Entered the Ecumenical Temple
  3470 | Temple   | Became a worshipper of Warmaster Okawaru
  3470 | Temple   | Reached * piety under Okawaru
  3470 | Temple   | Reached ** piety under Okawaru
  3920 | D:5      | Entered Level 5 of the Dungeon
  3990 | D:5      | Reached skill level 1 in Invocations
  4090 | D:5      | Reached XP level 8. HP: 69/78 MP: 6/8
  4227 | D:5      | Found a shadowy altar of Dithmenos.
  4227 | D:5      | Found a basalt altar of Yredelemnul.
  4498 | D:6      | Reached skill level 6 in Unarmed Combat
  4520 | D:6      | Found Osoly's Antique Weapon Boutique.
  4623 | D:6      | Found Hoakkaing's Distillery.
  4631 | D:6      | Bought a potion of mutation for 30 gold pieces
  4631 | D:6      | Bought a potion of heal wounds for 60 gold pieces
  4631 | D:6      | Found Ysecse's Armour Boutique.
  4669 | D:6      | Found a sand-covered staircase.
  4680 | Ossuary  | Entered an ossuary
  4733 | Ossuary  | Reached *** piety under Okawaru
  4994 | D:6      | Gained mutation: You are somewhat resistant to further mutation. [potion of mutation]
  5134 | D:6      | Found Xouvoab's Armour Emporium.
  5138 | D:6      | Found Zaeps's Jewellery Shop.
  5141 | D:6      | Noticed Prince Ribbit
  5153 | D:6      | Reached skill level 5 in Dodging
  5157 | D:6      | Killed Prince Ribbit
  5157 | D:6      | Reached XP level 9. HP: 75/87 MP: 10/10
  5167 | D:6      | Bought an uncursed ring of poison resistance for 260 gold pieces
  5261 | D:6      | Reached skill level 5 in Fighting
  5399 | D:6      | HP: 1/88 [electric eel/bolt of electricity (13)]
  5462 | D:6      | Found a burning altar of Makhleb.
  5463 | D:6      | Noticed Pikel
  5478 | D:6      | Killed Pikel
  5478 | D:6      | Reached **** piety under Okawaru
  5478 | D:6      | Reached skill level 7 in Unarmed Combat
  5556 | D:7      | Found a snail-covered altar of Cheibriados.
  5883 | D:7      | Found a sparkling altar of Nemelex Xobeh.
  6617 | D:8      | Reached skill level 5 in Shields
  6625 | D:8      | Reached XP level 10. HP: 98/98 MP: 12/12
  6925 | D:8      | Reached skill level 5 in Invocations
  7038 | D:8      | Reached skill level 8 in Unarmed Combat
  7263 | D:9      | Noticed Psyche
  7274 | D:9      | Killed Psyche
  7713 | D:9      | Found a glowing golden altar of the Shining One.
  7833 | D:10     | Entered Level 10 of the Dungeon
  8031 | D:10     | Reached ***** piety under Okawaru
  8057 | D:10     | Gained mutation: You possess an exceptional clarity of mind. [potion of mutation]
  8349 | D:10     | Got a fine robe
  8360 | D:10     | Identified the +2 robe of the Raven {rElec rC+ rN+} (You found it on level 10 of the Dungeon)
  8414 | D:10     | Found a staircase to the Lair.
  8579 | Lair:1   | Entered Level 1 of the Lair of Beasts
  8660 | Lair:1   | Noticed a black mamba
  8679 | Lair:1   | Killed a black mamba
  8679 | Lair:1   | Reached XP level 11. HP: 81/107 MP: 14/14
  8694 | Lair:1   | Slain by a blink frog

Action                   |  1- 3 |  4- 6 |  7- 9 | 10-12 || total
-------------------------+-------+-------+-------+-------++-------
Melee: Unarmed           |   106 |   113 |   500 |   309 ||  1028
Invok: Heroism           |       |       |     5 |     3 ||     8
  Use: Scroll            |       |    12 |    12 |     4 ||    28
       Potion            |       |       |     3 |     1 ||     4
 Stab: Sleeping          |     1 |     2 |     5 |     2 ||    10
       Distracted        |       |       |       |     1 ||     1
  Eat: Chunk             |    18 |    14 |    36 |    31 ||    99
